 Dungeon Crawl Stone Soup version 0.23-b1-84-g6588a6b (webtiles) character file.

Game seed: 4813681516900514262

172 Folque the Digger (level 5, -7/42 HPs)
             Began as a Draconian Earth Elementalist on Feb 7, 2019.
             Mangled by an orc priest
             ... wielding a +0 morningstar
              (9 damage)
             ... on level 3 of the Dungeon.
             The game lasted 00:07:52 (2943 turns).

Folque the Digger (Draconian Earth Elementalist)    Turns: 2943, Time: 00:07:53

Health: -7/42      AC:  6    Str: 10    XL:     5   Next: 27%
Magic:  0/10       EV: 12    Int: 16    God:
Gold:   155        SH:  0    Dex: 12    Spells: 0/11 levels left

rFire    . . .     SeeInvis .   w - +0 long sword
rCold    . . .     Gourm    .   (no shield)
rNeg     . . .     Faith    .   (armour unavailable)
rPois    .         Spirit   .   (helmet restricted)
rElec    .         Reflect  .   (no cloak)
rCorr    .         Harm     .   t - +0 pair of gloves (curse)
MR       .....                  (no boots)
Stlth    ++........             (no amulet)
HPRegen  0.14/turn              (no ring)
MPRegen  0.12/turn              (no ring)

@: very slightly contaminated
A: unfitting armour, cold-blooded, AC +5
a: no special abilities


You were on level 3 of the Dungeon.
You were hungry.

You visited 1 branch of the dungeon, and saw 4 of its levels.

You collected 155 gold pieces.

Inventory:

Hand Weapons
 i - a +0 mace
 j - a +0 dagger
 w - a +0 long sword (weapon)
Missiles
 b - 101 stones (quivered)
Armour
 t - a cursed +0 pair of gloves (worn)
Jewellery
 e - a cursed amulet of inaccuracy {unknown}
 l - a +2 ring of protection {unknown}
 x - a +3 ring of dexterity {unknown}
Scrolls
 a - a scroll of fog {unknown}
 f - a scroll of identify {unknown}
 h - 2 scrolls of magic mapping {unknown}
 k - a scroll of immolation {unknown}
 n - a scroll of enchant armour {unknown}
 o - 2 scrolls of fear {unknown}
 q - a scroll of random uselessness {unknown}
 r - a scroll of noise {unknown}
 v - a scroll of remove curse
Potions
 d - a potion of curing {unknown}
 m - 2 potions of flight {unknown}
 p - 2 potions of ambrosia {unknown}
 s - 2 potions of mutation {unknown}
 u - 2 potions of heal wounds {unknown}
Comestibles
 c - 4 rations
 g - 2 chunks of flesh


   Skills:
 - Level 2.3 Fighting
 - Level 1.7 Dodging
 - Level 1.7 Stealth
 - Level 3.6 Spellcasting
 + Level 0.4 Conjurations
 - Level 1.0 Transmutations
 * Level 4.2 Earth Magic


You couldn't memorise any spells.
You knew the following spells:

 Your Spells              Type           Power        Failure   Level  Hunger
a - Sandblast             Erth           ###...       3%          1    None
b - Passwall              Tmut/Erth      ##......     9%          2    ##.....
c - Stone Arrow           Conj/Erth      ##....       21%         3    ###....
d - Lee's Rapid Deconstr  Erth           ###.......   65%         5    ######.

Your spell library contained the following spells:

 Spells                   Type           Power        Failure   Level  Hunger
 Petrify                  Tmut/Erth      ##......     52%         4    ####...


Dungeon Overview and Level Annotations

Branches:
Dungeon (4/15)
 Temple: D:4-7

Altars:
Yredelemnul


Innate Abilities, Weirdness & Mutations

Your plain brown scales are hard. (AC +5)
You cannot fit into any form of body armour.
You are cold-blooded and may be slowed by cold attacks.


Message History

* * * LOW HITPOINT WARNING * * *
Casting: Sandblast (safe; 3% risk of failure)
Confirm with . or Enter, or press ? or * to list all spells.
Aiming: Sandblast (safe; 3% risk of failure)
Press: ? - help, Shift-Dir - straight line You miscast Sandblast.
Sand pours from your hands. The orc priest barely misses you.
Casting: Sandblast (safe; 3% risk of failure)
Confirm with . or Enter, or press ? or * to list all spells.
Aiming: Sandblast (safe; 3% risk of failure)
Press: ? - help, Shift-Dir - straight line The blast of sand hits the orc priest but does no damage.
The orc priest is almost dead.
b - 101 stones The orc priest invokes the aid of Beogh against you.
You barely resist.
You hit the orc priest but do no damage.
The orc priest is almost dead.
The orc priest hits you with a +0 morningstar!
You die...

############# #...........#
#.#########.# #.###..[###.#
###.##.....##.##################
............#..)@o............^#
####.....[.)...###############.#
#............# #.#
###.........)..# #.#
....#.......#..####### #.#
######...[...........# #.# ####
##...###.######.# #.# ...# #.###
#.# #.## #.# ##.####.#
#.######..########.#


You could see an orc priest.

Vanquished Creatures
  A hound (D:2)
  A gnoll (D:2)
  5 adders
  A shadow imp (D:3)
  An ooze (D:3)
  A worm (D:3)
  A dart slug (D:3)
  4 leopard geckos
  An orc (D:3)
  6 bats
  2 giant cockroaches
  5 goblins
  11 hobgoblins
  9 kobolds
  2 quokkas
  A ball python (D:3)
  11 frilled lizards
  9 rats
72 creatures vanquished.

Vanquished Creatures (others)
  2 orcs (D:3)
2 creatures vanquished.

Grand Total: 74 creatures vanquished

Notes
Turn   | Place    | Note
-------+----------+-------------------------------------------
     0 | D:1      | Folque the Draconian Earth Elementalist began the quest for
                  | the Orb.
     0 | D:1      | Reached XP level 1. HP: 14/14 MP: 3/3
   114 | D:1      | Reached skill level 1 in Fighting
   139 | D:1      | Reached XP level 2. HP: 2/23 MP: 0/5
   985 | D:2      | Reached XP level 3. HP: 26/30 MP: 0/6
  1256 | D:2      | Reached XP level 4. HP: 37/37 MP: 6/8
  1260 | D:2      | Learned a level 2 spell: Passwall
  1264 | D:2      | Learned a level 3 spell: Stone Arrow
  2312 | D:3      | Found a basalt altar of Yredelemnul.
  2396 | D:3      | Reached XP level 5. HP: 23/42 MP: 1/10
  2535 | D:3      | Reached skill level 4 in Earth Magic
  2548 | D:3      | Learned a level 5 spell: Lee's Rapid Deconstruction
  2940 | D:3      | HP: 1/42 [orc priest/+0 morningstar (12)]
  2943 | D:3      | Mangled by an orc priest

Skill      XL: |  1  2  3  4  5 |
---------------+----------------+-----
Fighting       | 1 2 |  2.3
Spellcasting   | 3 |  3.6
Earth Magic    | 4 |  4.2
Dodging        | |  1.7
Stealth        | |  1.7
Conjurations   | |  0.4
Transmutations | |  1.0

Action                   |  1- 3 |  4- 6 || total
-------------------------+-------+-------++-------
Melee: Unarmed           |    30 |       ||    30
       Tailslap          |     5 |     9 ||    14
       Mace              |    46 |   128 ||   174
       Long sword        |       |    16 ||    16
 Cast: Sandblast         |    15 |    17 ||    32
       Stone Arrow       |       |     3 ||     3
  Use: Scroll            |     2 |       ||     2
 Stab: Sleeping          |     1 |     5 ||     6
  Eat: Chunk             |     1 |     6 ||     7
Armor: Skin              |    33 |    47 ||    80
Dodge: Dodged            |    51 |   116 ||   167
       Rpst.: Long sword |       |     3 ||     3
